 Dungeon Crawl Stone Soup version 0.30-a0-878-gc727b3d3d6 (webtiles) character file.

Game seed: 8955639279827934363

94881 112233 the Stormcaller (level 16, -8/100 HPs)
             Began as a Tengu Air Elementalist on Mar 12, 2023.
             Was a High Priest of Vehumet.
             Shot with an arrow by a satyr (29 damage)
             ... on level 3 of the Shoals.
             The game lasted 01:19:42 (45678 turns).

112233 the Stormcaller (Tengu Air Elementalist)    Turns: 45678, Time: 01:19:42

Health: -8/100     AC: 11    Str:  9    XL:     16   Next: 12%
Magic:  20/35      EV: 22    Int: 23    God:    Vehumet [*****.]
Gold:   1772       SH:  7    Dex: 15    Spells: 16/44 levels left

rFire   + . .      SeeInvis .    s - staff of air
rCold   . . .      Faith    .    D - +2 buckler {AC+3}
rNeg    . . .      Spirit   .    G - +2 robe {rF+}
rPois   .          Reflect  .    (helmet restricted)
rElec   +          Rampage  .    k - +0 cloak {rCorr}
rCorr   +                        S - +2 pair of gloves
Will    +....                    (boots unavailable)
Stlth   +                        u - amulet of magic regeneration
HPRegen 0.36/turn                O - ring of willpower
MPRegen 0.64/turn                (no ring)

@: lit by a corona, about to teleport, weak-willed, flying quickly and
evasively, glowing, quick
A: beak, talons 3, nimble flight
a: Renounce Religion


You were on level 3 of the Shoals.
You worshipped Vehumet.
Vehumet was extremely pleased with you.
You visited 5 branches of the dungeon, and saw 26 of its levels.

You collected 1907 gold pieces.
You spent 135 gold pieces at shops.

Inventory:

Hand Weapons
 e - a +1 dagger
 x - a +0 shortbow
 H - a +1 demon blade of venom
Missiles
 w - 6 throwing nets
Armour
 k - a +0 cloak of preservation (worn)
 D - a +2 buckler of protection (worn)
 G - a +2 robe of fire resistance (worn)
 S - a +2 pair of gloves (worn)
Magical Staves
 s - a staff of air (weapon)
Jewellery
 t - an amulet of reflection
 u - an amulet of magic regeneration (around neck)
 v - the amulet "Raas" {Acrobat Rampage Int+3 SInv}
   (You found it on level 11 of the Dungeon)

   [amulet of the acrobat]

   It increases your evasion while moving and waiting.
   Int:       It affects your intelligence (+3).
   SInv:      It lets you see invisible.
   Rampage:   It bestows one free step when moving towards enemies.
 y - an amulet of guardian spirit
 M - a ring of fire
 O - a ring of willpower (left hand)
Wands
 g - a wand of mindburst (1)
 p - a wand of flame (67)
 I - a wand of digging (7)
 N - a wand of charming (15)
Scrolls
 b - 2 scrolls of fear
 d - 5 scrolls of magic mapping
 f - 3 scrolls of enchant weapon
 i - a scroll of teleportation
 j - 5 scrolls of poison
 l - 9 scrolls of vulnerability
 n - 5 scrolls of fog
 E - 3 scrolls of enchant armour
 L - 8 scrolls of identify
 P - 2 scrolls of brand weapon
 Q - a scroll of amnesia
Potions
 c - a potion of might
 h - 3 potions of attraction
 m - 12 potions of curing
 o - 2 potions of invisibility
 q - 2 potions of haste
 r - 7 potions of cancellation
 z - a potion of mutation
 A - 3 potions of berserk rage
 B - a potion of degeneration
 C - a potion of ambrosia
 F - 2 potions of brilliance
 K - 2 potions of heal wounds
Miscellaneous
 R - a tin of tremorstones (inert)


   Skills:
 + Level 11.5 Fighting
 + Level 4.5 Staves
 + Level 12.7 Dodging
 - Level 2.0 Stealth
 - Level 5.0 Shields
 * Level 14.8 Spellcasting
 + Level 12.3 Conjurations
 * Level 5.2 Summonings
 - Level 16.5 Air Magic


You had 16 spell levels left.
You knew the following spells:

 Your Spells              Type           Power      Damage    Failure   Level
a - Shock                 Conj/Air       100%       1d9       0%          1
b - Static Discharge      Conj/Air       100%       2-7/arc   0%          2
c - Airstrike             Air            48%        2d(7-23)  1%          4
d - Swiftness             Air            96%        N/A       0%          3
e - Apportation           Tloc           34%        N/A       4%          1
f - Mephitic Cloud        Conj/Pois/Air  75%        N/A       1%          3
g - Iron Shot             Conj/Erth      22%        9d5       14%         6
h - Passwall              Tmut/Erth      14%        N/A       7%          2
i - Summon Cactus Giant   Summ           20%        N/A       61%         6

Your spell library contained the following spells:

 Spells                   Type           Power      Damage    Failure   Level
 Magic Dart               Conj           100%       1d8       1%          1
 Sandblast                Erth           34%        2d9       1%          1
 Summon Small Mammal      Summ           100%       N/A       1%          1
 Call Imp                 Summ           41%        N/A       1%          2
 Cigotuvi's Dreadful Rot  Necr/Pois/Air  100%       N/A       1%          2
 Dazzling Flash           Conj/Hex       90%        N/A       1%          3
 Stone Arrow              Conj/Erth      90%        3d12      1%          3
 Conjure Ball Lightning   Conj/Air       45%        3x3d16    1%          6
 Necrotise                Necr           68%        1d7       4%          1
 Silence                  Hex/Air        35%        N/A       4%          5
 Ensorcelled Hibernation  Hex/Ice        34%        N/A       7%          2
 Lesser Beckoning         Tloc           34%        N/A       7%          2
 Gell's Gravitas          Tloc           17%        N/A       13%         3
 Spider Form              Tmut/Pois      17%        N/A       13%         3
 Teleport Other           Tloc           17%        N/A       13%         3
 Summon Forest            Summ/Tloc      14%        N/A       38%         5
 Summon Mana Viper        Hex/Summ       29%        N/A       38%         5
 Anguish                  Hex/Necr       8%         N/A       41%         4
 Animate Dead             Necr           17%        N/A       41%         4
 Dispel Undead            Necr           17%        3d10      41%         4
 Agony                    Necr           17%        N/A       77%         5
 Death Channel            Necr           8%         N/A       100%        6
 Haunt                    Necr/Summ      14%        N/A       100%        7
 Discord                  Hex            8%         N/A       100%        8
 Disjunction              Tloc           8%         N/A       100%        8
 Infestation              Necr           8%         N/A       100%        8


Dungeon Overview and Level Annotations

Branches:
Dungeon (15/15)            Temple (1/1) D:7            Lair (5/5) D:11
 Shoals (3/4) Lair:2       Spider (0/4) Lair:2        Slime (0/5) Lair:5
    Orc (2/2) D:12         Vaults (0/5) D:13         Depths (0/4) D:15
    Elf: Orc:2

Altars:
Ashenzari
Cheibriados
Dithmenos
Elyvilon
Fedhas
Gozag
Hepliaklqana
Kikubaaqudgha
Makhleb
Nemelex Xobeh
Okawaru
Qazlal
Ru
Sif Muna
Trog
Uskayaw
Vehumet
Wu Jian
Xom
Yredelemnul
Zin
The Shining One
Jiyva
Lugonu

Shops:
D:1 =   D:6 *   Shoals:2 :

Portals:
Abyss: Lair:5

Annotations:
D:5 1 runed translucent door, Crazy Yiuf
D:10 4 runed translucent doors
D:11 exclusion: downstairs
D:13 exclusions: downstairs and 2 upstairs
D:14 Roxanne
D:15 3 runed translucent doors, Lewah's ghost, journeyman OpEE
Lair:2 exclusion: oklob plant
Lair:3 exclusion: downstairs
Lair:5 3 runed translucent doors, Anor's ghost, journeyman GrEE
Orc:1 3 runed translucent doors, exclusion: downstairs, 112233's ghost, journeyman DESu
Orc:2 Azrael


Innate Abilities, Weirdness & Mutations

You have a beak for a mouth.
You have claws for feet.
Your magical nature lets you fly swiftly and evasively.


Message History

The satyr plays a frightful melody on his pipes!
The satyr radiates an aura of fear!
You are terrified of the satyr!
A water nymph comes into view.
The water nymph shouts!
The satyr unwields a +0 club.
The satyr wields a +0 longbow.
The satyr shoots an arrow.
The arrow misses you.
The satyr plays a lulling melody on his pipes!
You easily resist.
You are no longer terrified.
The faun gestures at you while chanting.
Your willpower is stripped away!
The faun points at you and mumbles some strange words.
You are outlined in light.
The water nymph points at you and mumbles some strange words.
The water rises up and strikes you!!
A kraken comes into view.
Found a falchion.
Tentacles burst out of the water! 4 tentacles come into view.
Unknown command.
As you read the scroll of teleportation, it crumbles to dust.
You feel strangely unstable. The tentacle completely misses you.
The water nymph gestures at you while chanting.
The water rises up and strikes you!!
Unknown command.
A tentacle segment bursts forth from the water.
The tentacle closely misses you.
Unknown command.
A tentacle segment bursts forth from the water. x3
The faun shoots a sling bullet.
You block the sling bullet.
The satyr shoots an arrow.
The arrow barely misses you.
The arrow hits the tentacle!!
Unknown command.
The tentacle closely misses you. The tentacle completely misses you.
The tentacle slaps you but does no damage.
Unknown command.
The tentacle slaps you!
* * * LOW HITPOINT WARNING * * *
The satyr shoots an arrow.
The arrow hits you!!
You die...

♣.R..#~)≈≈≈≈≈#
#.#)≈≈≈≈≈#
###~≈≈≈≈≈#
#≈~≈≈≈≈≈#
#≈c≈≈≈≈≈#
#≈~≈≈≈≈≈#
#≈≈c≈≈≈≈≈#
≈≈≈~≈≈≈≈≈#
########
.~~≈≈≈m@#
≈≈≈≈≈≈≈≈
~~≈≈≈≈≈w#
≈.......
~≈≈≈≈≈≈≈#
........
.≈≈≈≈≈≈≈#
........
.≈≈≈≈≈≈≈#
........
.~≈≈≈≈≈X#
........
.~≈≈≈w≈≈#
........
.~≈≈≈≈≈≈#
........
..~≈≈≈≈≈#


You could see a kraken, a satyr, a faun, 2 tentacles and a water nymph.

Vanquished Creatures
  Louise (Shoals:1)
  A stone giant (D:15)
  An eleionoma (Shoals:3)
  2 merfolk javelineers (Shoals:2)
  5 hydras
  2 merfolk avatars (Shoals:2)
  2 ogre magi
  4 centaur warriors
  Erica (D:9)
  A merfolk aquamancer (Shoals:3)
  5 two-headed ogres
  A satyr (Shoals:3)
  6 boulder beetles
  4 tengu warriors
  4 death yaks (Lair:4)
  6 hell knights (D:15)
  3 thrashing horrors (Lair:5)
  4 sea snakes
  5 skysharks
  A lindwurm (shapeshifter) (D:14)
  4 harpies
  A harpy (shapeshifter) (D:15)
  3 orc knights
  8 manticores
  2 deep elf pyromancers
  3 cyclopes
  A necromancer (D:15)
  6 fauns
  An orc sorcerer (Orc:1)
  5 ugly things
  6 elephants
  Joseph (D:7)
  A water nymph (Shoals:3)
  A black mamba (Lair:5)
  2 merfolk sirens (Shoals:2)
  11 cane toads
  Maggie (D:6)
  A torpor snail (Lair:5)
  2 smoke demons (Lair:5)
  An unseen horror (shapeshifter) (D:15)
  2 unseen horrors
  An efreet (D:15)
  2 kobold demonologists (D:10)
  13 komodo dragons
  4 rime drakes
  3 ancient zymes (Lair:5)
  7 polar bears
  15 merfolk
  4 trolls
  A queen bee (D:9)
  4 wind drakes
  2 snapping turtles
  A snapping turtle (shapeshifter) (Lair:5)
  15 blink frogs
  3 slime creatures (D:12)
  A shadow (D:12)
  A vampire (D:12)
  2 spriggans (Lair:5)
  A wraith (D:9)
  11 water elementals
  Eustachio (D:6)
  34 yaks
  5 wyverns
  3 ynoxinuls (Lair:5)
  A steam dragon (D:7)
  A large abomination (Lair:5)
  7 basilisks
  2 chaos spawn (Lair:5)
  6 vampire mosquitoes (D:13)
  7 wargs
  2 acid dragons
  8 hell hounds
  7 water moccasins
  An ice beast (D:8)
  12 orc warriors
  A sky beast (D:7)
  6 ogres
  10 black bears
  6 centaurs
  6 wolves (Lair:1)
  2 phantoms
  3 kobold brigands (D:10)
  15 bullfrogs
  2 gnoll sergeants
  3 scorpions
  13 small abominations
  10 wights
  18 killer bees (D:9)
  3 howler monkeys
  15 electric eels
  6 orc priests
  4 hounds
  2 sleepcaps
  2 gnoll boudas
  3 iguanas
  17 orc wizards
  20 gnolls
  4 adders
  A shadow imp (D:7)
  2 ufetubi
  3 worms
  3 dart slugs
  58 orcs
  2 bats (D:1)
  5 endoplasms
  3 giant cockroaches
  8 goblins
  5 hobgoblins
  2 jackals (D:3)
  6 kobolds
  4 quokkas
  4 ball pythons (D:1)
  4 frilled lizards
  3 rats
594 creatures vanquished.

Vanquished Creatures (others)
  A gnoll (D:6)
  29 fungi
  55 plants
  2 tentacles (Shoals:3)
87 creatures vanquished.

Grand Total: 681 creatures vanquished

Notes
Turn   | Place    | Note
-------+----------+-------------------------------------------
     0 | D:1      | 112233 the Tengu Air Elementalist began the quest for the
                  | Orb.
     0 | D:1      | Reached XP level 1. HP: 10/10 MP: 4/4
    44 | D:1      | Found Kegojaem's Jewellery Shoppe.
   170 | D:1      | Reached XP level 2. HP: 8/15 MP: 0/6
   850 | D:1      | Reached XP level 3. HP: 15/19 MP: 2/7
  1427 | D:1      | Learned a level 2 spell: Static Discharge
  1877 | D:2      | Reached XP level 4. HP: 23/24 MP: 0/9
  2296 | D:3      | Reached skill level 5 in Air Magic
  2506 | D:3      | You fall into a shaft and drop 2 floors!
  2506 | D:5      | Entered Level 5 of the Dungeon
  2709 | D:4      | Gained mutation: Your magical nature lets you fly swiftly
                  | and evasively. [Tengu growth]
  2709 | D:4      | Reached XP level 5. HP: 18/28 MP: 4/10
  2784 | D:4      | Learned a level 4 spell: Airstrike
  2788 | D:4      | Learned a level 3 spell: Swiftness
  2811 | D:4      | Noticed a phantom
  2823 | D:4      | Killed a phantom
  3336 | D:3      | Found a blossoming altar of Fedhas.
  3440 | D:3      | Reached skill level 6 in Air Magic
  3440 | D:3      | Reached XP level 6. HP: 24/32 MP: 5/12
  4906 | D:5      | Noticed a black bear
  4910 | D:5      | Killed a black bear
  4911 | D:5      | Reached skill level 7 in Air Magic
  4911 | D:5      | Reached XP level 7. HP: 36/36 MP: 6/14
  4997 | D:5      | Found a runed translucent door.
  5000 | D:5      | Learned a level 1 spell: Apportation
  5000 | D:5      | Noticed Crazy Yiuf
  5393 | D:5      | Reached skill level 5 in Spellcasting
  5393 | D:5      | Reached skill level 8 in Air Magic
  5811 | D:6      | Found Yrchoimi's Assorted Antiques.
  6214 | D:6      | Noticed Maggie
  6233 | D:6      | Reached XP level 8. HP: 41/41 MP: 2/17
  6380 | D:6      | Killed Maggie
  6381 | D:6      | Reached skill level 9 in Air Magic
  6444 | D:6      | Noticed Eustachio
  6459 | D:6      | Killed Eustachio
  6767 | D:6      | Learned a level 3 spell: Mephitic Cloud
  6823 | D:6      | Reached skill level 10 in Air Magic
  7241 | D:6      | Bought a white potion for 21 gold pieces
  7241 | D:6      | Bought a smoky inky potion for 21 gold pieces
  7241 | D:6      | Bought a scroll labelled ZIMU FUNAPP for 24 gold pieces
  7241 | D:6      | Bought a scroll labelled ZIMU FUNAPP for 24 gold pieces
  7241 | D:6      | Bought a scroll labelled WIGAESH UG DYCH for 24 gold pieces
  7241 | D:6      | Bought a white potion for 21 gold pieces
  7416 | D:6      | Reached XP level 9. HP: 45/45 MP: 11/20
  8042 | D:7      | Found a staircase to the Ecumenical Temple.
  8053 | Temple   | Entered the Ecumenical Temple
  8137 | Temple   | Became a worshipper of Vehumet
  8286 | D:7      | Reached skill level 11 in Air Magic
 10100 | D:7      | Reached * piety under Vehumet
 10100 | D:7      | Offered knowledge of Foxfire by Vehumet.
 10175 | D:7      | Noticed Joseph
 10193 | D:7      | Reached skill level 12 in Air Magic
 10193 | D:7      | Killed Joseph
 10799 | D:8      | Found a glowing silver altar of Zin.
 10800 | D:8      | Found a shimmering blue altar of Sif Muna.
 10867 | D:8      | Found an ornate altar of the Wu Jian Council.
 10980 | D:8      | Reached XP level 10. HP: 50/50 MP: 14/23
 11343 | D:8      | Reached skill level 13 in Air Magic
 11366 | D:8      | Found a hide-covered altar of Uskayaw.
 12367 | D:10     | Entered Level 10 of the Dungeon
 12777 | D:9      | Offered knowledge of Poisonous Vapours by Vehumet.
 12780 | D:9      | Reached ** piety under Vehumet
 13024 | D:9      | Reached skill level 14 in Air Magic
 13026 | D:9      | Reached skill level 10 in Spellcasting
 13686 | D:9      | Noticed Erica
 13695 | D:9      | Killed Erica
 13696 | D:9      | Reached skill level 1 in Fighting
 13696 | D:9      | Reached skill level 5 in Conjurations
 13896 | D:9      | Reached XP level 11. HP: 57/57 MP: 12/26
 14777 | D:10     | Noticed a two-headed ogre
 14782 | D:10     | You are sucked into a shaft and drop 3 floors!
 14783 | D:13     | Noticed a centaur warrior
 14835 | D:13     | Offered knowledge of Hailstorm by Vehumet.
 14844 | D:13     | Killed a centaur warrior
 15061 | D:13     | Noticed a deep elf pyromancer
 15066 | D:13     | Killed a deep elf pyromancer
 15097 | D:13     | Noticed a centaur warrior
 15105 | D:13     | Killed a centaur warrior
 15112 | D:13     | Reached skill level 5 in Dodging
 15114 | D:13     | Reached skill level 15 in Air Magic
 15114 | D:13     | Noticed a tengu warrior
 15119 | D:13     | Killed a tengu warrior
 15233 | D:13     | Reached *** piety under Vehumet
 15373 | D:12     | Found a staircase to the Orcish Mines.
 15570 | D:13     | Found a gate to the Vaults.
 15570 | D:13     | Noticed a two-headed ogre
 15570 | D:13     | Noticed a two-headed ogre
 15599 | D:13     | Noticed a cyclops
 15605 | D:13     | Killed a cyclops
 15770 | D:12     | Noticed a two-headed ogre
 15791 | D:13     | Killed a two-headed ogre
 15792 | D:13     | Reached skill level 5 in Fighting
 15921 | D:13     | Noticed an ogre mage
 15930 | D:13     | Paralysed by something for 3 turns
 15937 | D:13     | Killed an ogre mage
 16223 | D:12     | Noticed a boulder beetle
 16438 | D:12     | Noticed a cyclops
 16447 | D:12     | Killed a cyclops
 16448 | D:12     | Reached XP level 12. HP: 33/68 MP: 2/27
 17150 | D:10     | Identified a scroll of acquirement
 17204 | D:10     | Killed a two-headed ogre
 17398 | D:10     | Found a runed translucent door.
 17711 | Orc:1    | Entered Level 1 of the Orcish Mines
 18170 | Orc:1    | Found a runed translucent gate.
 18170 | Orc:1    | Noticed 112233's ghost (journeyman DESu)
 18171 | Orc:1    | Found a runed translucent gate.
 18172 | Orc:1    | Found a runed translucent gate.
 18437 | D:12     | Noticed a two-headed ogre
 18440 | D:12     | Noticed an ogre mage
 18476 | Orc:2    | Entered Level 2 of the Orcish Mines
 18479 | Orc:2    | Offered knowledge of Olgreb's Toxic Radiance by Vehumet.
 18708 | D:13     | Killed a two-headed ogre
 19425 | D:11     | Found a staircase to the Lair.
 19446 | D:11     | Identified the amulet "Raas" {Acrobat Rampage Int+3 SInv}
 19998 | D:10     | Found a runed translucent door.
 20145 | D:10     | Found a runed translucent door.
 20159 | D:10     | Found a runed translucent door.
 20441 | Lair:1   | Entered Level 1 of the Lair of Beasts
 20445 | Lair:1   | Acquired a staff of air
 21379 | Lair:1   | Reached skill level 16 in Air Magic
 21642 | Lair:1   | Reached **** piety under Vehumet
 21655 | Lair:1   | Reached XP level 13. HP: 78/78 MP: 1/29
 21858 | Lair:1   | Offered knowledge of Kindle Blastsparks by Vehumet.
 23419 | Lair:2   | Found a staircase to the Shoals.
 23809 | Lair:2   | Found a hole to the Spider Nest.
 24894 | Lair:3   | Found a glowing silver altar of Zin.
 25108 | Lair:3   | Reached skill level 10 in Dodging
 26704 | Lair:4   | Reached skill level 1 in Shields
 27436 | Lair:5   | Entered Level 5 of the Lair of Beasts
 28882 | D:14     | Reached XP level 14. HP: 86/86 MP: 21/31
 31911 | Lair:5   | Reached skill level 10 in Fighting
 32405 | Lair:5   | Reached ***** piety under Vehumet
 32488 | Lair:5   | Offered knowledge of Iron Shot by Vehumet.
 32640 | Lair:5   | Found a viscous altar of Jiyva.
 32640 | Lair:5   | Found a staircase to the Slime Pits.
 32648 | Lair:5   | Learned a level 6 spell: Iron Shot
 33222 | D:12     | Reached skill level 10 in Conjurations
 34697 | Orc:2    | Noticed Azrael
 35118 | D:14     | Noticed Roxanne
 35994 | D:15     | Entered Level 15 of the Dungeon
 36170 | D:15     | Reached skill level 5 in Shields
 36732 | D:15     | Noticed a stone giant
 37485 | D:15     | Reached XP level 15. HP: 68/93 MP: 28/33
 38329 | D:15     | Found a runed translucent gate.
 38329 | D:15     | Found a runed translucent gate.
 38330 | D:15     | Found a runed translucent gate.
 38331 | D:15     | Noticed an acid blob
 38331 | D:15     | Noticed Lewah's ghost (journeyman OpEE)
 38338 | D:15     | Identified the +1 chain mail of Polish {rF+}
 38476 | D:15     | Found a staircase to the Depths.
 38517 | D:15     | Reached skill level 1 in Staves
 38859 | D:15     | Found a viscous altar of Jiyva.
 39186 | Lair:5   | Found a runed translucent gate.
 39187 | Lair:5   | Found a runed translucent gate.
 39188 | Lair:5   | Found a runed translucent gate.
 39191 | Lair:5   | Noticed Anor's ghost (journeyman GrEE)
 41008 | Lair:5   | Found a corrupted altar of Lugonu.
 41008 | Lair:5   | Found a one-way gate to the infinite horrors of the Abyss.
 41284 | Lair:3   | Learned a level 2 spell: Passwall
 41291 | Lair:3   | Learned a level 6 spell: Summon Cactus Giant
 41348 | Shoals:1 | Entered Level 1 of the Shoals
 41754 | Shoals:1 | Reached skill level 1 in Summonings
 42697 | Shoals:1 | Noticed Louise
 42703 | Shoals:1 | Killed Louise
 43246 | Shoals:2 | Found Jeroxte's Vocational Training.
 44691 | Shoals:3 | Reached XP level 16. HP: 76/100 MP: 26/35
 45658 | Shoals:3 | Reached skill level 5 in Summonings
 45672 | Shoals:3 | Noticed a kraken
 45678 | Shoals:3 | Shot with an arrow by a satyr

Illustrated notes

Levels and vault maps discovered:
D:1:      heliophobic_arrival_ceremonial_halls, layout_loops_ring, serial_shops,
          nicolae_shop_crystal, minmay_misc_feat_diagonals,
          kennysheep_minor_cross, minmay_small_reverse_x
D:2:      layout_loops_ring
D:3:      layout_rooms, fedhas_altar_3, nicolae_figureground_sparkle
D:4:      layout_cave_pods, chequers_serial_rivers_micro_c
D:5:      layout_basic, uniq_crazy_yiuf_cottage
D:6:      layout_basic, serial_shops, nicolae_stop_n_shop_2, uniq_maggie,
          uniq_eustachio
D:7:      layout_cave_pools, minmay_temple_entry_enclosed_plants,
          serial_column_ruins, column_ruins_hut_ruined,
          column_ruins_corridor_straight, column_ruins_open_tiny,
          column_ruins_grid_2, column_ruins_open_tiny, chequers_jeans,
          uniq_joseph
D:8:      layout_gridville, mainiacjoe_overflow_surrounded_room,
          overflow_temple_1_default, nicolae_overflow_squiral,
          chequers_big_river
D:9:      layout_gridville, minivault_7, uniq_erica
D:10:     layout_rooms, nicolae_concentric_dashed_squares_wild,
          minmay_statue_crystal_thing
D:11:     layout_big_octagon
D:12:     layout_basic, minmay_orc_entry_guard_dogs
D:13:     layout_rooms, david_vaults_2
D:14:     layout_cave_pods, hangedman_decor_growths, uniq_roxanne
D:15:     grunt_enter_depths_snipers, layout_basic, gammafunk_ghost_ooze,
          minmay_rotating_lava
Temple:   minmay_temple_bridge_d
Lair:1:   beast_lair_carwin_large_3, layout_regular_city, columned_hall_lemuel,
          nzn_sisyphean_effort, grunt_megastairs_5, serial_bayou_shore_b,
          serial_bayou_shore_a, infiniplex_staircase_pool
Lair:2:   layout_regular_city, nicolae_shoals_entry_roost, spider_nest_entry_a,
          minmay_lair_oklob_items, serial_bayou_shore_b
Lair:3:   layout_layer_cave, basic_altar, beast_lair_carwin_5,
          lemuel_fruit_fields, serial_bayou_shore_b, lemuel_fruit_tree
Lair:4:   layout_cave_pods, lemuel_fruit_fields
Lair:5:   hellmonk_lair_end_abyssal_woods, layout_loops_ring, slime_entry_1,
          gammafunk_ghost_hydra_chop
Shoals:1: layout_shoals, uniq_louise
Shoals:2: layout_shoals, nicolae_shop_vocational
Shoals:3: layout_shoals, nicolae_shoals_enchanted_isle
Orc:1:    layout_diamond_mine, serial_shops, nicolae_diamond_shop,
          gammafunk_ghost_split, minmay_orc_barracks
Orc:2:    grunt_orc_community_town_hall, layout_caves,
          grunt_orc_community_big_house_1, grunt_orc_community_big_house_2,
          grunt_orc_community_house_3, grunt_orc_community_house_1,
          grunt_orc_community_house_3, grunt_orc_community_house_2,
          nicolae_volcano_entry_s_turn, mines5_lemuel, uniq_azrael

Skill      XL: |  1  2  3  4  5  6  7  8  9 10 11 12 13 14 15 16 |
---------------+-------------------------------------------------+-----
Conjurations   | 2 3 4 5 7 8 9 10 12 | 12.3
Air Magic      | 5 6 7 8 10 12 14 15 16 | 16.5
Spellcasting   | 3 4 5 7 8 10 11 12 13 14 | 14.8
Fighting       | 1 5 7 9 10 11 | 11.5
Dodging        | 3 6 8 10 11 12 | 12.7
Shields        | 2 5 |  5.0
Staves         | 4 |  4.5
Summonings     | 4 5 |  5.2
Stealth        | |  2.0

Action                     |  1- 3 |  4- 6 |  7- 9 | 10-12 | 13-15 | 16-18 || total
---------------------------+-------+-------+-------+-------+-------+-------++-------
  Melee: Kick              |     2 |     9 |     1 |     8 |    38 |       ||    58
         Unarmed           |     1 |       |       |       |       |       ||     1
         Dagger            |     2 |    21 |    17 |     9 |       |       ||    49
         Peck              |       |     5 |     2 |     4 |    18 |       ||    29
         Staff             |       |       |       |    16 |    74 |       ||    90
         Punch             |       |       |       |     1 |       |       ||     1
   Cast: Shock             |    61 |    89 |    16 |    21 |     1 |       ||   188
         Static Discharge  |     2 |     9 |     4 |    10 |    20 |       ||    45
         Airstrike         |       |     2 |   106 |   316 |   780 |    42 ||  1246
         Swiftness         |       |       |       |     3 |     1 |       ||     4
         Mephitic Cloud    |       |       |       |     2 |    18 |       ||    20
  Evoke: Wand              |       |       |     4 |    15 |     4 |       ||    23
         Tin of tremorston |       |       |       |       |       |     2 ||     2
    Use: Potion            |       |       |     5 |    18 |     2 |       ||    25
         Scroll            |       |       |       |    23 |    10 |     1 ||    34
   Stab: Confused          |       |       |       |       |     4 |       ||     4
 Armour: Robe              |     1 |     7 |     9 |    10 |    41 |     1 ||    69
         Skin              |       |       |       |    55 |       |       ||    55
  Dodge: Dodged            |    12 |    37 |    29 |    86 |   244 |    16 ||   424
  Block: Other             |       |       |     4 |    36 |       |       ||    40
         Reflection        |       |       |     1 |    11 |       |       ||    12
         Buckler           |       |       |       |       |    70 |    10 ||    80

Table legend: (Time is in decaauts)
 A = Elapsed time spent in this place.
 B = Non-inter-level travel time spent in this place.
 C = Inter-level travel time spent in this place.
 D = Time resting spent in this place.
 E = Time spent auto-exploring this place.
 F = Levels seen in this place.
 G = Mean time per level.
                   A        B        C        D        E       F      G
               +--------+--------+--------+--------+--------+-----+--------+
         Total |  44196 |  41882 |   2314 |  15932 |  21961 |  26 | 1699.8 |
       Dungeon |  26089 |  24776 |   1313 |   9716 |  12885 |  15 | 1739.3 |
        Temple |     96 |     70 |     26 |      0 |     64 |   1 |   96.0 |
          Lair |  12997 |  12195 |    802 |   4273 |   6666 |   5 | 2599.4 |
        Shoals |   3424 |   3306 |    118 |   1188 |   1752 |   3 | 1141.3 |
  Orcish Mines |   1589 |   1536 |     53 |    753 |    592 |   2 |  794.5 |
               +--------+--------+--------+--------+--------+-----+--------+

Top non-repeatable levels by time:
  Lair:4: 3103 daAuts
  Lair:1: 2989 daAuts
    D:15: 2878 daAuts
    D:13: 2794 daAuts
     D:6: 2790 daAuts
     D:9: 2670 daAuts
  Lair:3: 2446 daAuts
  Lair:5: 2264 daAuts
  Lair:2: 2193 daAuts
    D:14: 2065 daAuts
    D:12: 2001 daAuts
Shoals:2: 1961 daAuts
     D:5: 1730 daAuts
   Orc:1: 1538 daAuts
     D:4: 1468 daAuts
